 Dungeon Crawl Stone Soup version 0.31.0-2-g5a2aebc5c2 (webtiles) character file.

Game seed: 15443640906310779710

72894 terwaltz the Severer (level 15, -9/129 HPs)
             Began as a Formicid Cinder Acolyte on Jan 20, 2024.
             Was an Elder of Okawaru.
             Killed from afar by an orc sorcerer (22 damage)
             ... with a bolt of fire
             ... on level 2 of the Orcish Mines.
             The game lasted 01:04:56 (32616 turns).

terwaltz the Severer (Formicid Cinder Acolyte)     Turns: 32616, Time: 01:04:56

Health: -9/129     AC: 23    Str: 28    XL:     15   Next: 88%
Magic:  22/22      EV:  8    Int: 15    God:    Okawaru [****..]
Gold:   2329       SH:  6    Dex: 13    Spells: 14/16 levels left

rFire   . . .        a - +1 battleaxe (freeze)
rCold   + . .        H - +0 buckler
rNeg    . . .        K - +0 plate armour
rPois   +            (helmet unavailable)
rElec   .            j - +0 cloak {rCorr}
rCorr   +            u - +0 pair of gloves
SInv    +            v - +1 pair of boots
Will    +....        y - amulet of faith Stlth
                     p - ring of the Golden Jackfruit {rPois rC+ rCorr Str+3 Dex+4}
HPRegen 0.41/turn    A - +4 ring of protection
MPRegen 0.18/turn

%: faith
@: fire susceptible
A: permanent stasis, dig shafts and tunnels, antennae 3, four strong arms
a: Dig, Shaft Self, Renounce Religion, Heroism, Finesse


You were on level 2 of the Orcish Mines.
You worshipped Okawaru.
Okawaru was greatly pleased with you.
You visited 3 branches of the dungeon, and saw 19 of its levels.
You also visited: Trove, Ossuary and Volcano.

You collected 2441 gold pieces.
You spent 112 gold pieces at shops.

Inventory:

Hand Weapons
 a - a +1 battleaxe of freezing (weapon)
 b - the +6 flail "Voemnyf" {pain, rElec rF+ Int+3}
   (You found it on level 3 of the Lair of Beasts)

   Int+3:     It affects your intelligence (+3).
   rF+:       It protects you from fire.
   rElec:     It insulates you from electricity.
 z - a -1 spear of flaming
Missiles
 l - a curare-tipped dart (quivered)
 Q - 2 throwing nets
Armour
 h - a +0 chain mail of fire resistance
 j - a +0 cloak of preservation (worn)
 r - a +2 chain mail of fire resistance
 u - a +0 pair of gloves (worn)
 v - a +1 pair of boots (worn)
 H - a +0 buckler (worn)
 K - a +0 plate armour (worn)
Jewellery
 p - the ring of the Golden Jackfruit (left hand) {rPois rC+ rCorr Str+3 Dex+4}
   (You found it on level 3 of the Dungeon)

   [ring of protection from cold]

   Str+3:     It affects your strength (+3).
   Dex+4:     It affects your dexterity (+4).
   rC+:       It protects you from cold.
   rPois:     It protects you from poison rCorr: It protects you from acid and
   corrosion.
 y - an amulet of faith (around neck)
 A - a +4 ring of protection (right hand)
 B - a ring of flight
 G - a ring of protection from fire
Wands
 g - a wand of quicksilver (6)
 n - a wand of paralysis (4)
 q - a wand of roots (7)
 F - a wand of polymorph (4)
 J - a wand of digging (3)
 O - a wand of flame (3)
Scrolls
 c - 2 scrolls of immolation
 e - 3 scrolls of amnesia
 f - 3 scrolls of noise
 i - 2 scrolls of fear
 s - 3 scrolls of fog
 x - 5 scrolls of enchant weapon
 N - 2 scrolls of enchant armour
 P - 4 scrolls of revelation
Potions
 d - 3 potions of attraction
 k - 3 potions of resistance
 m - 4 potions of curing
 o - 5 potions of mutation
 t - 4 potions of enlightenment
 w - a potion of might
 C - a potion of heal wounds {unknown}
 D - 6 potions of lignification
 E - 2 potions of invisibility
 L - 7 potions of brilliance


   Skills:
 + Level 15.3 Fighting
 + Level 16.1(16.2) Axes
 - Level 3.0(10.9) Polearms
 - Level 10.1 Armour
 - Level 2.0 Dodging
 - Level 10.3 Shields
 - Level 1.1 Spellcasting
 - Level 3.0 Fire Magic
 - Level 10.0 Invocations
 - Level 9.0 Evocations


You had 14 spell levels left.
You knew the following spells:

 Your Spells              Type           Power      Damage    Failure   Level
a - Scorch                Fire           18%        2d5       67%         2

Your spell library contained the following spells:

 Spells                   Type           Power      Damage    Failure   Level
 Necrotise                Necr           0%         1d4       91%         1
 Sandblast                Erth           0%         2d4       91%         1
 Mercury Vapours          Alch/Air       0%         N/A       97%         2
 Frozen Ramparts          Ice            0%         1d1       100%        3
 Gell's Gravitas          Tloc           0%         N/A       100%        3
 Mephitic Cloud           Conj/Alch/Air  0%         N/A       100%        3
 Passwall                 Erth           0%         N/A       100%        3
 Stone Arrow              Conj/Erth      0%         3d7       100%        3
 Teleport Other           Tloc           0%         N/A       100%        3
 Vampiric Draining        Necr           0%         2d6       100%        3
 Brom's Barrelling Bould  Conj/Erth      0%         2d3       100%        4
 Cause Fear               Hex            0%         N/A       100%        4
 Flame Wave               Conj/Fire      5%         2d5       100%        4
 Leda's Liquefaction      Alch/Erth      0%         N/A       100%        4
 Petrify                  Alch/Erth      0%         N/A       100%        4
 Curse of Agony           Necr           0%         N/A       100%        5
 Fireball                 Conj/Fire      2%         3d4       100%        5
 Freezing Cloud           Conj/Ice/Air   0%         6-21      100%        5
 Iskenderun's Battlesphe  Conj           0%         2d6       100%        5
 Lee's Rapid Deconstruct  Erth           0%         3d4*      100%        5
 Metabolic Englaciation   Hex/Ice        0%         N/A       100%        5
 Bombard                  Conj/Erth      0%         9d1       100%        6
 Conjure Ball Lightning   Conj/Air       0%         3x3d6     100%        6
 Dispersal                Tloc           0%         N/A       100%        6
 Orb of Destruction       Conj           0%         9d5       100%        7
 Summon Ice Beast         Ice/Summ       Unusable   N/A       N/A         3
 Martyr's Knell           Necr/Summ      Unusable   N/A       N/A         4
 Summon Mana Viper        Hex/Summ       Unusable   N/A       N/A         5
 Summon Cactus Giant      Summ           Unusable   N/A       N/A         6
 Monstrous Menagerie      Summ           Unusable   N/A       N/A         7
 Dragon's Call            Summ           Unusable   N/A       N/A         9

Dungeon Overview and Level Annotations

Branches:
Dungeon (12/15)            Temple (0/1) D:4            Lair (5/5) D:10
  Swamp (0/4) Lair:3        Snake (0/4) Lair:2        Slime (0/5) Lair:4
    Orc (2/2) D:11            Elf (0/3) Orc:2       Ossuary (visited)
Volcano (visited)

Altars:
Dithmenos
Gozag
Hepliaklqana
Okawaru
Ru
Trog
Uskayaw
Yredelemnul
Zin

Shops:
D:2 [

Annotations:
D:1 exclusion: downstairs
D:8 2 runed translucent doors, Gastronok
D:10 2 transporters, epsilonplus's ghost, novice AtFi
Lair:1 3 runed translucent doors, monsoonserge's ghost, journeyman GrEE
Lair:2 exclusion: 3 oklob plants


Innate Abilities, Weirdness & Mutations

You cannot be hasted, slowed, berserked, paralysed or teleported.
You can dig through walls and to a lower floor.
You have a pair of large antennae on your head. (SInv)
Your four strong arms can wield two-handed weapons with a shield.


Message History

Unknown command.
You slash the orc knight! You freeze the orc knight.
The orc knight is almost dead.
You barely miss the hellwing. The smoke demon gestures at you.
Something smites you!
The orc knight hits you but does no damage.
Unknown command.
You slash the orc knight! You freeze the orc knight.
The orc knight is almost dead.
You slice the hellwing!! You freeze the hellwing.
You block the hellwing's attack. x2; The orc knight barely misses you.
Unknown command.
You hit the orc knight but do no damage.
The orc knight is almost dead.
You slash the hellwing! You freeze the hellwing.
You kill the hellwing!
The hellwing disappears in a puff of smoke!
The orc knight barely misses you.
Unknown command.
You hit the orc knight. You freeze the orc knight.
The orc knight is almost dead.
You block the orc knight's attack.
Unknown command.
You slice the orc knight!! You freeze the orc knight.
You kill the orc knight!
Okawaru accepts your kill.
Unknown command.
The orc sorcerer points at you and mumbles some strange words.
The bolt of fire hits you!!
* * * LOW HITPOINT WARNING * * *
The ogre hits you with a +0 giant club!
* * * LOW HITPOINT WARNING * * *
The ogre hits you with a +0 giant club!
* * * LOW HITPOINT WARNING * * *
There is an open door, spattered with blood here.
Items here: )) [ †.
The orc sorcerer gestures at you while chanting.
The bolt of fire hits you!!
You die...

{ { {
{#.##'##.#†§≈≈≈≈≈§≈
#.#...#.').≈≈≈≈≈#
#+###+##.#)..###..≈§§≈##
.........))_.'.########
######'###...#.#
#..#.....#...#.# ####
...#)....#####.# ...###
...)).⌠..# #.###O....##
...#)....# #.'@oO......
...#.....# #####3...$##
...############ ...###
.........##...# ####
............###
............# ###
............###.##
#......<...###...####
###........##..#....##


You could see a smoke demon (summoned), an orc sorcerer (strong) and 2 ogres.

Vanquished Creatures
  2 orc warlords (Orc:2)
  Erolcha (D:11)
  2 catoblepae
  2 hydras
  Erica (D:11)
  4 two-headed ogres
  5 death yaks
  Urug (D:11)
  2 orc high priests
  3 skysharks
  Sonja (Lair:1)
  Lodul (D:11)
  A bog body (Lair:3)
  2 deep elf archers (Volcano)
  3 orc knights
  A lindwurm (Lair:5)
  8 orc sorcerers
  8 deep elf pyromancers (Volcano)
  A cyclops (Orc:2)
  An ugly thing (D:7)
  2 oklob plants (Lair:3)
  9 elephants (Lair:4)
  Joseph (D:7)
  6 kobold blastminers
  4 black mambas
  8 cane toads
  A torpor snail (Lair:3)
  2 kobold demonologists (D:12)
  An unseen horror (D:11)
  2 rime drakes
  2 ice devils (Lair:4)
  10 komodo dragons
  Psyche (D:9)
  3 trolls (Orc:2)
  4 hornets
  12 blink frogs
  4 polar bears (Lair:5)
  3 dream sheep (Lair:5)
  3 shadows
  14 spriggans
  8 fire elementals
  2 wraiths (D:11)
  A basilisk (Lair:5)
  49 yaks
  4 wyverns
  A golden eye (Lair:2)
  2 steam dragons (D:9)
  6 wargs
  Menkaure (D:7)
  4 nagas (Lair:2)
  A swamp worm (Lair:3)
  14 water moccasins
  Duvessa (D:5)
  The ghost of tdog the Sneak, an amateur SpBr (D:4)
  5 hell hounds (Volcano)
  A sky beast (D:6)
  5 black bears
  An ice beast (D:8)
  33 orc warriors
  4 boggarts (Lair:5)
  13 ogres
  5 centaurs (D:11)
  31 wolves
  2 elf zombies (Ossuary)
  A phantom (D:4)
  2 gnoll sergeants
  3 kobold brigands
  11 bullfrogs
  A scorpion (D:4)
  13 wights
  Dowan (D:5)
  6 killer bees
  3 electric eels (Lair:3)
  2 bombardier beetles (D:4)
  2 centaur zombies (Ossuary)
  3 gnoll boudas
  A human zombie (Ossuary)
  2 hounds
  2 jellies
  29 orc priests
  Ijyb (D:5)
  6 iguanas
  4 sleepcaps
  23 orc wizards
  5 hell rats (Lair:3)
  2 hound zombies (Ossuary)
  2 mummies (Ossuary)
  Robin (D:4)
  27 gnolls
  4 adders
  A white imp (D:6)
  4 ufetubi
  4 adder zombies (Ossuary)
  2 dart slugs
  A ribbon worm (D:1)
  119 orcs
  6 ball pythons
  7 endoplasms
  3 giant cockroaches
  5 gnoll zombies (Ossuary)
  22 goblins
  12 hobgoblins
  6 jackals
  17 kobolds
  6 quokkas
  9 bats
  8 frilled lizards
  5 jackal zombies (Ossuary)
  8 kobold zombies (Ossuary)
  7 orc zombies (Ossuary)
  3 rats
749 creatures vanquished.

Vanquished Creatures (others)
  An orc priest (Orc:2)
  A gnoll (D:11)
2 creatures vanquished.

Grand Total: 751 creatures vanquished

Notes
Turn   | Place    | Note
-------+----------+-------------------------------------------
     0 | D:1      | terwaltz the Formicid Cinder Acolyte began the quest for
                  | the Orb.
     0 | D:1      | Reached XP level 1. HP: 18/18 MP: 2/2
   256 | D:1      | Reached XP level 2. HP: 23/25 MP: 3/3
   261 | D:1      | Learned a level 2 spell: Scorch
   420 | D:1      | Reached XP level 3. HP: 30/31 MP: 1/4
  1476 | D:2      | Reached skill level 5 in Fighting
  1505 | D:2      | Identified the flux talisman "Wov Hij" {+Blink rPois rC-
                  | Int+3}
  1587 | D:2      | Reached XP level 4. HP: 39/39 MP: 2/5
  1954 | D:2      | Found Pipus's Antique Armour Emporium.
  2274 | D:2      | Reached XP level 5. HP: 46/46 MP: 1/6
  3456 | D:3      | Found a shadowy altar of Dithmenos.
  3612 | D:3      | Identified the ring of the Golden Jackfruit {rPois rC+
                  | rCorr Str+3 Dex+4}
  3820 | D:4      | Reached XP level 6. HP: 50/55 MP: 0/7
  4099 | D:4      | Found a runed translucent door.
  4099 | D:4      | Noticed tdog's ghost (amateur SpBr)
  4114 | D:4      | Found a staircase to the Ecumenical Temple.
  4562 | D:4      | Found an iron altar of Okawaru.
  4881 | D:4      | Reached XP level 7. HP: 48/63 MP: 2/8
  5078 | D:4      | Reached skill level 1 in Armour
  5132 | D:4      | Identified the +0 helmet of a wizard's laboratory {Slay+5}
  5132 | D:4      | Noticed Robin
  5340 | D:4      | Killed Robin
  5469 | D:5      | Entered Level 5 of the Dungeon
  6141 | D:2      | Bought a cloak for 112 gold pieces
  6398 | D:5      | Found a hazy altar of Hepliaklqana.
  6403 | D:5      | Noticed Duvessa
  6409 | D:5      | Noticed Dowan
  6439 | D:4      | Reached skill level 1 in Axes
  6439 | D:4      | Reached XP level 8. HP: 59/69 MP: 4/9
  6520 | D:5      | Noticed Ijyb
  6532 | D:5      | Killed Ijyb
  6536 | D:5      | Reached skill level 1 in Evocations
  6742 | D:5      | Reached skill level 2 in Axes
  6826 | D:5      | Found a basalt altar of Yredelemnul.
  6966 | D:5      | Killed Duvessa
  7063 | D:5      | Killed Dowan
  7064 | D:5      | Reached skill level 3 in Axes
  7572 | D:6      | Found a sand-covered staircase.
  7579 | Ossuary  | Entered an ossuary
  7652 | Ossuary  | Reached skill level 4 in Axes
  7854 | Ossuary  | Reached XP level 9. HP: 75/75 MP: 6/10
  8096 | Ossuary  | Reached skill level 5 in Axes
  8096 | Ossuary  | Reached skill level 5 in Evocations
  8872 | D:7      | Noticed Joseph
  8999 | D:7      | Killed Joseph
  9119 | D:7      | Reached skill level 5 in Armour
  9217 | D:7      | Noticed a purple ugly thing
  9234 | D:7      | Killed a purple ugly thing
  9235 | D:7      | Reached skill level 10 in Fighting
  9324 | D:7      | Noticed Menkaure
  9336 | D:7      | Killed Menkaure
  9673 | D:7      | Reached XP level 10. HP: 47/85 MP: 11/11
  9970 | D:8      | Reached skill level 6 in Axes
 10304 | D:8      | Found a runed translucent door.
 10501 | D:8      | Reached skill level 7 in Axes
 10861 | D:8      | Found the +10 tower shield of Ignorance {rN+ Int-4}
 10867 | D:8      | Found a runed translucent door.
 10923 | D:8      | Noticed Gastronok
 11095 | D:8      | Found a glowing silver altar of Zin.
 12009 | D:9      | Reached skill level 8 in Axes
 12116 | D:9      | Noticed Psyche
 12128 | D:9      | Killed Psyche
 12524 | D:9      | Reached skill level 9 in Axes
 12686 | D:10     | Entered Level 10 of the Dungeon
 12707 | D:10     | Found a staircase to the Lair.
 12708 | D:10     | Noticed a two-headed ogre
 12736 | D:9      | Reached XP level 11. HP: 36/92 MP: 12/12
 13259 | D:10     | Noticed a two-headed ogre
 13260 | D:10     | Found a transporter.
 13266 | D:10     | Found a bloodstained altar of Trog.
 13266 | D:10     | Noticed epsilonplus's ghost (novice AtFi)
 13266 | D:10     | Noticed a tengu warrior
 13290 | D:10     | Noticed a moth of wrath
 13304 | D:10     | Found a transporter.
 13304 | D:10     | Noticed a two-headed ogre
 13310 | D:10     | Killed a two-headed ogre
 13311 | D:10     | Reached skill level 10 in Axes
 13640 | D:10     | Found an opulent altar of Gozag.
 13649 | D:10     | Found a portal to a secret trove of treasure.
 13854 | D:10     | Reached skill level 5 in Shields
 13979 | D:10     | Found a sacrificial altar of Ru.
 14073 | D:10     | Found a hide-covered altar of Uskayaw.
 14073 | D:10     | Noticed a +0 dagger
 14074 | D:10     | Noticed a +0 hand axe
 14494 | D:10     | Noticed a two-headed ogre
 14502 | D:10     | Killed a two-headed ogre
 14593 | Lair:1   | Entered Level 1 of the Lair of Beasts
 14723 | Lair:1   | Reached skill level 11 in Axes
 15224 | Lair:1   | Noticed Sonja
 15230 | Lair:1   | Killed Sonja
 15542 | Lair:1   | Found a runed translucent gate.
 15544 | Lair:1   | Found a runed translucent gate.
 15545 | Lair:1   | Found a runed translucent gate.
 15547 | Lair:1   | Noticed monsoonserge's ghost (journeyman GrEE)
 15611 | Lair:1   | Reached XP level 12. HP: 83/100 MP: 13/13
 15900 | Lair:2   | Identified the +0 ring mail of Integrity {rF- Str+10}
 16090 | Lair:2   | Found a dark tunnel.
 16149 | Volcano  | Entered a volcano
 16205 | Volcano  | Reached skill level 12 in Axes
 17432 | Volcano  | Reached skill level 13 in Axes
 18421 | Lair:2   | Reached XP level 13. HP: 95/111 MP: 14/14
 18757 | Lair:2   | Found a staircase to the Snake Pit.
 20131 | Lair:3   | Identified the +6 flail "Voemnyf" {pain, rElec rF+ Int+3}
 20158 | Lair:2   | Reached skill level 14 in Axes
 20546 | Lair:2   | Found a staircase to the Snake Pit.
 20895 | Lair:3   | Noticed a seven-headed hydra
 20921 | Lair:3   | Noticed a catoblepas
 20930 | Lair:3   | Killed a catoblepas
 20993 | Lair:3   | Killed an eight-headed hydra
 21532 | Lair:3   | Found a staircase to the Swamp.
 22178 | Lair:3   | Reached skill level 15 in Fighting
 22530 | Lair:4   | Reached skill level 15 in Axes
 22666 | Lair:4   | Reached XP level 14. HP: 91/123 MP: 15/15
 22729 | Lair:4   | Found a frozen archway.
 23320 | Lair:4   | Found a staircase to the Slime Pits.
 24038 | Lair:5   | Entered Level 5 of the Lair of Beasts
 24875 | Lair:5   | Reached skill level 10 in Shields
 24976 | Lair:5   | Reached skill level 10 in Armour
 25821 | Lair:5   | Reached skill level 1 in Dodging
 26238 | Lair:5   | Reached skill level 16 in Axes
 26280 | Lair:5   | Reached XP level 15. HP: 116/129 MP: 16/16
 26686 | D:4      | Killed tdog's ghost
 26881 | D:4      | Fell from the grace of Ignis
 26881 | D:4      | Became a worshipper of Warmaster Okawaru
 26988 | D:11     | Noticed Urug
 27021 | D:11     | Killed Urug
 27113 | D:11     | Reached skill level 1 in Invocations
 27582 | D:11     | Found a staircase to the Orcish Mines.
 27778 | D:11     | Noticed Erica
 27800 | D:11     | Killed Erica
 27800 | D:11     | Reached * piety under Okawaru
 27982 | D:11     | Noticed Erolcha
 27995 | D:11     | Killed Erolcha
 28146 | D:11     | Noticed Lodul
 28166 | D:11     | Killed Lodul
 28668 | D:10     | You paid a toll of a +6 demon trident to enter a treasure
                  | trove
 28669 | Trove    | Entered a treasure trove
 29026 | Orc:1    | Entered Level 1 of the Orcish Mines
 29131 | D:11     | Reached ** piety under Okawaru
 29509 | Orc:2    | Entered Level 2 of the Orcish Mines
 29554 | Orc:2    | Reached skill level 5 in Invocations
 29791 | Orc:1    | Reached *** piety under Okawaru
 30574 | Orc:2    | Noticed an orc warlord
 30590 | Orc:2    | Killed an orc warlord
 30950 | Orc:2    | Identified the +5 ring mail of Feral Fun {Harm rN++}
 31468 | Orc:2    | Found a staircase to the Elven Halls.
 31640 | Orc:2    | Noticed an orc warlord
 31672 | Orc:2    | Killed an orc warlord
 31672 | Orc:2    | Reached **** piety under Okawaru
 32480 | Orc:2    | Reached skill level 10 in Invocations
 32616 | Orc:2    | Killed from afar by an orc sorcerer

Illustrated notes

Levels and vault maps discovered:
D:1:      ncdulo_wetmaze, layout_loops_ring
D:2:      cheibrodos_pilgrimage, layout_basic, serial_shops, shop
D:3:      layout_basic, nicolae_dithmenos_shadow_blocks, minmay_cut_off
D:4:      kennysheep_goblin_castle, layout_rooms, okawaru_metal_pillars_1_2,
          minmay_temple_entry_mini_moons, gammafunk_ghost_grave
D:5:      layout_loops_ring, mainiacjoe_overflow_24_doors,
          general_overflow_altar, uniq_duvessa, uniq_ijyb
D:6:      layout_rooms, serial_glass, glass_columns_a, glass_columns_a,
          minmay_strange_pillars, feat_on_display, due_unseen_surprise,
          chequers_ossuary_entry_cave, hellmonk_no_cap
D:7:      layout_basic, hangedman_decor_peaks_small, uniq_menkaure, uniq_joseph
D:8:      layout_basic, amcnicky_altar_gilded,
          chequers_guarded_unrand_ignorance, uniq_gastronok
D:9:      layout_loops_ring, uniq_psyche
D:10:     layout_loops_corners, mainiacjoe_overflow_surrounded_room,
          dancing_weapons_uskayaw, overflow_temple_1_default,
          erik_lair_orcish_takeover, gammafunk_ghost_wrathful_warriors,
          enter_trove_2
D:11:     layout_stronghold, hiddenorc2_lemuel, minmay_holes, chequers_jeans,
          uniq_urug, uniq_erica, uniq_lodul, uniq_erolcha
D:12:     layout_rooms, tgw_lugonu_bribe
Lair:1:   layout_cellular_growth, gammafunk_ghost_necromancy, uniq_sonja
Lair:2:   layout_regular_city, minmay_snake_entry_guardpost_small,
          lightli_volcano_entry_magma_tube, disabler_island, grunt_megastairs_2
Lair:3:   layout_concentric_octagons, nicolae_swamp_entry_splash_gauntlet,
          gauntlet_entry_generic, dpeg_oklob_1, infiniplex_staircase_pool,
          grunt_megastairs_4, lemuel_fruit_tree
Lair:4:   layout_gridlike, dpeg_slime_entry_enclosed,
          portal_ice_cave_demonic_guard, grunt_forest_large_clearing_hut
Lair:5:   minmay_lair_end_enchanted_forest, layout_concentric_octagons
Orc:1:    layout_caves
Orc:2:    pubby_orc_utopia, serial_shops

Skill      XL: |  1  2  3  4  5  6  7  8  9 10 11 12 13 14 15 |
---------------+----------------------------------------------+-----
Fighting       | 4 5 7 8 10 11 13 15 | 15.3
Armour         | 3 6 7 8 10 | 10.1
Axes           | 1 4 5 9 11 13 15 16 | 16.1
Evocations     | 4 5 7 9 |  9.0
Shields        | 6 7 10 | 10.3
Dodging        | 1 2 |  2.0
Invocations    | 10 | 10.0
Polearms       | |  3.0
Spellcasting   | |  1.1
Fire Magic     | |  3.0

Action                     |  1- 3 |  4- 6 |  7- 9 | 10-12 | 13-15 || total
---------------------------+-------+-------+-------+-------+-------++-------
  Melee: Spear             |   107 |   101 |   121 |       |       ||   329
         Punch             |     3 |     1 |     7 |     1 |       ||    12
         Hand axe          |       |       |   213 |   140 |       ||   353
         Rapier            |       |       |     2 |     8 |       ||    10
         Battleaxe         |       |       |       |   380 |  1255 ||  1635
         Flail             |       |       |       |       |     7 ||     7
  Throw: Dart              |       |     2 |     9 |    11 |    25 ||    47
   Cast: Scorch            |    12 |    46 |    69 |    38 |       ||   165
 Invoke: Fiery Armour      |       |       |       |     1 |       ||     1
         Heroism           |       |       |       |       |     3 ||     3
Ability: Dig               |       |       |     1 |     1 |     1 ||     3
  Evoke: Wand              |       |       |     4 |    10 |    11 ||    25
         Sack of spiders   |       |       |       |       |     1 ||     1
    Use: Scroll            |     2 |     1 |     7 |     8 |     9 ||    27
         Potion            |       |       |       |     4 |       ||     4
   Stab: Paralysed         |       |       |    17 |    16 |     9 ||    42
 Armour: Ring mail         |    49 |    67 |   274 |       |       ||   390
         Scale mail        |       |       |     5 |   243 |       ||   248
         Plate armour      |       |       |       |   255 |  1073 ||  1328
  Dodge: Dodged            |    30 |    45 |   218 |   220 |   356 ||   869
  Block: Buckler           |       |       |       |    73 |   308 ||   381
